 Dungeon Crawl Stone Soup version 0.17-a0-377-gdd46233 (webtiles) character file.

116 Ryushun the Grave Robber (level 5, -7/36 HPs)
             Began as a Formicid Necromancer on Apr 1, 2015.
             Killed by nerve-wracking pain
             ... invoked by Grinder
              (13 damage)
             ... on level 3 of the Dungeon.
             The game lasted 00:16:12 (2891 turns).

Ryushun the Grave Robber (Formicid Necromancer)     Turns: 2891, Time: 00:16:12

Health: -7/36      AC:  4    Str: 14    XL:     5   Next: 21%
Magic:  16/16      EV: 12    Int: 14    God:
Gold:   105        SH:  0    Dex: 11    Spells: 4 memorised, 0 levels left

rFire  . . .     SeeInvis +     e - +1 mace
rCold  . . .     Clarity  .     w - +0 leather armour
rNeg   . . .     SustAb   .     (no shield)
rPois  .         Gourm    .     (helmet unavailable)
rElec  .         Spirit   .     (no cloak)
rCorr  .         Warding  .     m - +0 pair of gloves
rMut   .         Stasis   +     (no boots)
MR     .....                    (no amulet)
Stlth  ++........               x - ring of wizardry
                                h - ring of magical power

@: not resistant to hostile enchantments, unstealthy
A: permanent stasis, dig shafts and tunnels, four strong arms, antennae 3
a: Dig, Shaft Self


You were on level 3 of the Dungeon.
You were not hungry.

You visited 1 branch of the dungeon, and saw 3 of its levels.

You collected 105 gold pieces.

Inventory:

Hand weapons
 c - a +0 dagger
 e - a +1 mace (weapon)
 f - a +0 club
 i - a +0 club
 k - a +0 whip
 n - a +0 dagger
 r - a +0 dagger
 v - a +0 club
 y - a +0 dagger
 A - a +0 club
 B - a +0 club
 C - a +0 club
 D - a +0 whip
Missiles
 p - a throwing net (quivered)
 s - 4 stones
Armour
 a - a +0 robe
 d - a cursed +0 ring mail
 m - a +0 pair of gloves (worn)
 o - a +0 leather armour
 q - a +0 leather armour
 t - a +0 robe
 w - a +0 leather armour (worn)
Jewellery
 h - a ring of magical power (left hand)
 j - an uncursed ring of ice
 x - a ring of wizardry (right hand)
Scrolls
 g - a scroll of teleportation
 z - a scroll of magic mapping {unknown}
Potions
 l - a potion of might
 E - a potion of restore abilities
 I - a potion of brilliance {unknown}
Books
 b - a book of Necromancy

   Spells                             Type                      Level
   a - Pain                           Necromancy                   1
   b - Animate Skeleton               Necromancy                   1
   c - Vampiric Draining              Necromancy                   3
   d - Regeneration                   Charms/Necromancy            3
   e - Animate Dead                   Necromancy                   4
   f - Control Undead                 Necromancy                   4
Comestibles
 F - a beef jerky
 H - a chunk of flesh


   Skills:
 * Level 0.7 Fighting
 * Level 1.1 Short Blades
 * Level 1.0 Maces & Flails
 * Level 1.2 Armour
 * Level 2.3 Dodging
 * Level 2.9 Stealth
 + Level 2.8 Spellcasting
 + Level 4.6 Necromancy


You couldn't memorise any spells.
You knew the following spells:

 Your Spells              Type           Power        Failure   Level  Hunger
a - Pain                  Necr           ###.         1%          1    #......
b - Animate Skeleton      Necr           N/A          1%          1    #......
c - Vampiric Draining     Necr           ###.......   6%          3    ###....
d - Animate Dead          Necr           N/A          21%         4    #####..


Dungeon Overview and Level Annotations

Branches:
Dungeon (3/15)

Altars:

Annotations:
D:3 Grinder


Innate Abilities, Weirdness & Mutations

You are under a permanent stasis effect.
You can dig through walls and to a lower floor.
Your four strong arms can wield two-handed weapons with a shield.
You have a pair of large antennae on your head (SInv).


Message History

You feel better. Grinder barely misses you.
Your kobold skeleton hits Grinder.
Grinder gestures at you.
Your stasis keeps you stable.
Your kobold skeleton barely misses Grinder.
Grinder hits you but does no damage.
Grinder gestures.
Grinder blinks!
Your kobold skeleton hits Grinder.
Your kobold skeleton hits Grinder.
Grinder gestures at you. Pain shoots through your body!
* * * LOW HITPOINT WARNING * * *
Your kobold skeleton barely misses Grinder.
Grinder gestures at you.
You struggle to resist.
Grinder gestures at you. You resist with significant effort.
Grinder gestures at you. Pain shoots through your body!
You die...

#####
....
..#
#.#
#@# {
#.#
#.#
#.#
#.#
#.#
#5#
#.#
###Z#


You could see Grinder and a friendly kobold skeleton.

Vanquished Creatures
  5 adders
  3 worms (D:2)
  3 giant geckos
  2 ball pythons
  2 giant cockroaches
  2 goblins
  4 hobgoblins
  8 kobolds
  A quokka (D:2)
  3 bats
  8 rats
41 creatures vanquished.

Vanquished Creatures (collateral kills)
  3 worms
  A giant cockroach (D:1)
4 creatures vanquished.

Vanquished Creatures (others)
  An adder skeleton (D:2)
  A ball python skeleton (D:3)
  A giant gecko skeleton (D:3)
  2 hobgoblin skeletons (D:2)
  2 kobold skeletons (D:2)
  A rat skeleton (D:2)
8 creatures vanquished.

Grand Total: 53 creatures vanquished

Notes
Turn   | Place    | Note
--------------------------------------------------------------
     0 | D:1      | Ryushun, the Formicid Necromancer, began the quest for the Orb.
     0 | D:1      | Reached XP level 1. HP: 13/13 MP: 3/3
     8 | D:1      | Learned a level 1 spell: Animate Skeleton
   305 | D:1      | Reached XP level 2. HP: 19/19 MP: 4/4
   776 | D:2      | Reached XP level 3. HP: 18/24 MP: 5/5
   950 | D:2      | HP: 1/24 [worm (5)]
  1283 | D:2      | Learned a level 3 spell: Vampiric Draining
  1310 | D:2      | Reached XP level 4. HP: 27/30 MP: 6/6
  1353 | D:2      | Reached skill level 1 in Maces & Flails
  2396 | D:3      | Reached skill level 1 in Short Blades
  2396 | D:3      | Reached XP level 5. HP: 10/36 MP: 7/7
  2403 | D:3      | Learned a level 4 spell: Animate Dead
  2667 | D:3      | Reached skill level 1 in Armour
  2839 | D:3      | Noticed Grinder
  2891 | D:3      | Killed from afar by Grinder

Action                   |  1- 3 |  4- 6 || total
-------------------------+-------+-------++-------
Melee: Unarmed           |     3 |       ||     3
       Mace              |    29 |    29 ||    58
Throw: Throwing net      |       |     1 ||     1
 Cast: Pain              |    25 |    44 ||    69
       Animate Skeleton  |    13 |     7 ||    20
       Animate Dead      |       |     2 ||     2
  Use: Potion            |     2 |     1 ||     3
       Scroll            |     4 |     2 ||     6
  Eat: Meat ration       |     1 |       ||     1
       Chunk             |     1 |       ||     1
       Bread ration      |       |     1 ||     1
